 Dungeon Crawl Stone Soup version 0.24-a0-249-g2af7e83 (webtiles) character file.

Game seed: 12092742010533148768

859 Borgoz the Cutter (level 8, 0/48 HPs)
             Began as a Kobold Gladiator on Apr 13, 2019.
             Killed by divine providence
             ... invoked by an orc priest
              (12 damage)
             ... on level 5 of the Dungeon.
             The game lasted 00:08:28 (4632 turns).

Borgoz the Cutter (Kobold Gladiator)                Turns: 4632, Time: 00:08:28

Health: 0/48       AC:  5    Str: 10 (13) XL:     8   Next: 22%
Magic:  12/12      EV: 17    Int:  9 (10) God:
Gold:   90         SH:  0    Dex: 15 (16) Spells: 12/12 levels left

rFire    . . .     SeeInvis .   a - +0 rapier
rCold    . . .     Gourm    .   (shield restricted)
rNeg     . . .     Faith    .   b - +0 leather armour
rPois    .         Spirit   .   c - +0 helmet
rElec    .         Reflect  .   e - +0 cloak (curse)
rCorr    .         Harm     .   (no gloves)
MR       .....                  (no boots)
Stlth    ++........             (no amulet)
HPRegen  0.16/turn              (no ring)
MPRegen  0.13/turn              (no ring)

@: no status effects
A: small, carnivore
a: no special abilities


You were on level 5 of the Dungeon.
You were full.

You visited 1 branch of the dungeon, and saw 5 of its levels.

You collected 224 gold pieces.
You spent 134 gold pieces at shops.

Inventory:

Hand Weapons
 a - a +0 rapier (weapon)
Missiles
 d - a throwing net (quivered)
Armour
 b - a +0 leather armour (worn)
 c - a +0 helmet (worn)
 e - a cursed +0 cloak (worn)
 p - a +0 cloak of invisibility
 x - the +1 robe "Ruilydua" {Str+2}
   (You found it on level 5 of the Dungeon)

   It affects your strength (+2).
 z - a +0 pair of gloves
Jewellery
 o - an uncursed ring of flight
Wands
 g - a wand of acid (10)
 r - a wand of random effects (20)
Scrolls
 i - 3 scrolls of teleportation {unknown}
 j - a scroll of fog {unknown}
 l - 4 scrolls of blinking {unknown}
 m - 2 scrolls of magic mapping {unknown}
 n - a scroll of amnesia {unknown}
 y - a scroll of identify
Potions
 k - a potion of mutation
 q - 3 potions of haste
 s - a potion of cancellation
 t - a potion of curing
 v - a potion of degeneration
Comestibles
 f - 17 rations


   Skills:
 + Level 4.1 Fighting
 + Level 5.9 Short Blades
 - Level 2.1 Throwing
 * Level 3.8 Armour
 + Level 5.3 Dodging
 + Level 4.1 Stealth
 + Level 2.9 Spellcasting
 + Level 0.7 Evocations


You had 12 spell levels left.
You didn't know any spells.
Your spell library contained the following spells:

 Spells                   Type           Power        Failure   Level  Hunger
 Corona                   Hex            #......      38%         1    ##.....
 Ensorcelled Hibernation  Hex/Ice        #.....       52%         2    ###....
 Confuse                  Hex            #.......     77%         3    ####...
 Dazzling Spray           Conj/Hex       #.....       77%         3    ####...
 Tukima's Dance           Hex            #.......     77%         3    ####...


Dungeon Overview and Level Annotations

Branches:
Dungeon (5/15)
 Temple: D:4-7

Altars:
Gozag
Makhleb

Shops:
D:3 *   D:4 !=***


Innate Abilities, Weirdness & Mutations

You are small and have problems with some larger weapons.
You are carnivorous and can eat meat at any time.


Message History

You miss the orc wizard.
The orc wizard points at you and mumbles some strange words.
The puff of flame hits you!
The orc priest invokes the aid of Beogh against you.
Beogh smites you!
* * * LOW HITPOINT WARNING * * *
You hit the orc wizard.
The orc wizard is moderately wounded.
You feel less invigorated. The orc wizard barely misses you.
Your magical contamination has completely faded away.
You closely miss the orc wizard.
The orc wizard is moderately wounded.
The orc wizard mumbles some strange words.
The orc wizard seems to speed up.
The orc wizard miscasts a cantrip.
You bump into the rock wall.
You feel less confused.
The orc priest calls down the wrath of Beogh upon you.
Beogh smites you!
You die...

###################
#..................
#.#########.###### #.#
#.#
#.#########.#########.##
........................
...............o@####.
#.#######.#.####.# ..#
#.#.####o####.#
.########......{S.....#
.........................
.#########..............#
.# ##.###..###...## .# #
#... ...# .# #..# .$#


You could see an orc priest, an orc wizard and a ball python.

Vanquished Creatures
  A sky beast (D:5)
  An ogre (D:5)
  A phantom (D:5)
  3 scorpions (D:5)
  2 howler monkeys (D:4)
  An orc wizard (D:5)
  Crazy Yiuf (D:2)
  2 bullfrog skeletons
  A worker ant (D:5)
  Natasha (thrice) (D:3)
  7 adders
  3 oozes (D:2)
  5 worms
  4 leopard geckos
  An orc (D:5)
  6 bats
  5 giant cockroaches
  7 goblins
  9 hobgoblins
  7 kobolds
  3 quokkas
  3 ball pythons
  3 frilled lizards
  9 rats
88 creatures vanquished.

Vanquished Creatures (others)
  A shadow imp (D:5)
1 creature vanquished.

Grand Total: 89 creatures vanquished

Notes
Turn   | Place    | Note
-------+----------+-------------------------------------------
     0 | D:1      | Borgoz the Kobold Gladiator began the quest for the Orb.
     0 | D:1      | Reached XP level 1. HP: 12/12 MP: 1/1
    82 | D:1      | Reached XP level 2. HP: 15/17 MP: 2/2
   243 | D:1      | Reached skill level 1 in Armour
   243 | D:1      | Reached skill level 1 in Stealth
   297 | D:1      | Reached XP level 3. HP: 22/22 MP: 3/3
  1002 | D:2      | Reached XP level 4. HP: 9/27 MP: 5/5
  1330 | D:2      | Reached skill level 1 in Spellcasting
  1616 | D:2      | Found a runed translucent door.
  1617 | D:2      | Noticed Crazy Yiuf
  1881 | D:2      | Killed Crazy Yiuf
  1881 | D:2      | Reached XP level 5. HP: 32/32 MP: 6/6
  2084 | D:3      | Noticed Natasha
  2093 | D:3      | Killed Natasha
  2255 | D:3      | Found an opulent altar of Gozag.
  2255 | D:3      | Found Gozag's Platinum Reserve.
  2528 | D:3      | Noticed Natasha
  2537 | D:3      | Killed Natasha
  2537 | D:3      | Reached XP level 6. HP: 16/37 MP: 8/8
  2885 | D:3      | Noticed Natasha
  2894 | D:3      | Killed Natasha
  2894 | D:3      | Reached skill level 5 in Short Blades
  3017 | D:4      | Found Anisoa's Distillery.
  3115 | D:4      | Found Ystruh's General Store.
  3130 | D:4      | Found Ufootaov's General Store.
  3176 | D:4      | Found a burning altar of Makhleb.
  3230 | D:4      | Found Azucvimn's Assorted Antiques.
  3238 | D:4      | Bought 2 fizzy pink potions for 43 gold pieces
  3238 | D:4      | Bought 2 murky dark potions for 43 gold pieces
  3238 | D:4      | Bought a scroll labeled FOATROSTACA for 24 gold pieces
  3238 | D:4      | Bought a scroll labeled JOOKACK SOEPT for 24 gold pieces
  3371 | D:4      | Found Zearpheikh's Jewellery Emporium.
  3493 | D:5      | Entered Level 5 of the Dungeon
  3515 | D:5      | Reached XP level 7. HP: 37/41 MP: 10/10
  3819 | D:5      | Got a ripped robe
  3831 | D:5      | Identified the +1 robe "Ruilydua" {Str+2} (You found it on
                  | level 5 of the Dungeon)
  4278 | D:5      | Reached skill level 5 in Dodging
  4522 | D:5      | Reached XP level 8. HP: 38/48 MP: 10/12
  4632 | D:5      | Killed from afar by an orc priest

Levels and vault maps discovered:
D:1:      dpeg_arrival_line_fractal, layout_loops_ring
D:2:      layout_loops_ring, uniq_crazy_yiuf_cottage
D:3:      layout_basic, nicolae_gozag_zags_fifth_avenue, first_ration,
          uniq_natasha
D:4:      layout_rooms, lemuel_doored_altar, serial_shops, shop, shop,
          nicolae_shop_window_shopping, shop_fountains,
          nicolae_shop_overgrown_old_shop
D:5:      layout_basic

Skill      XL: |  1  2  3  4  5  6  7  8 |
---------------+-------------------------+-----
Armour         | 1 2 3 |  3.8
Stealth        | 1 2 3 4 |  4.1
Dodging        | 4 5 |  5.3
Spellcasting   | 1 2 |  2.9
Fighting       | 3 4 |  4.1
Short Blades   | 5 |  5.9
Throwing       | |  2.1
Evocations     | |  0.7

Action                   |  1- 3 |  4- 6 |  7- 9 || total
-------------------------+-------+-------+-------++-------
Melee: Rapier            |   101 |   176 |   111 ||   388
       Unarmed           |       |     4 |       ||     4
Throw: Throwing net      |       |     3 |     2 ||     5
  Use: Potion            |     2 |       |     9 ||    11
       Scroll            |       |       |     5 ||     5
 Stab: Sleeping          |     5 |     4 |     6 ||    15
       Held in net/web   |       |     2 |       ||     2
       Distracted        |       |     1 |       ||     1
       Invisible         |       |       |     2 ||     2
  Eat: Chunk             |     3 |    13 |     1 ||    17
Armor: Leather armour    |    30 |    28 |    18 ||    76
       Skin              |       |     1 |       ||     1
       Robe              |       |       |     3 ||     3
Dodge: Dodged            |    80 |   126 |    69 ||   275

Table legend:
 A = Non-vault XP
 B = Vault XP
 C = Vault XP percentage of total XP
 D = Non-vault monster count
 E = Vault monster count
 F = Vault count percentage of total count
                 A         B        C        D         E       F
            +---------+---------+-------+---------+---------+-------
      Total |    1152 |      76 |   6.2 |      87 |       2 |   2.2
            +---------+---------+-------+---------+---------+-------
        D:1 |      29 |       0 |   0.0 |      18 |       0 |   0.0
        D:2 |     109 |      41 |  27.3 |      24 |       1 |   4.0
        D:3 |     121 |      35 |  22.4 |      21 |       1 |   4.5
        D:4 |     169 |       0 |   0.0 |       8 |       0 |   0.0
        D:5 |     724 |       0 |   0.0 |      16 |       0 |   0.0
            +---------+---------+-------+---------+---------+-------
